 Dungeon Crawl Stone Soup version 0.29.1-15-g9cfb28693d (webtiles) character file.

Game seed: 16757146699164160616

555 vishdafish the Conjurer (level 7, 46/46 HPs)
             Began as a Demonspawn Conjurer on Mar 29, 2023.
             Quit the game on level 4 of the Dungeon.
             The game lasted 00:03:23 (3339 turns).

vishdafish the Conjurer (Demonspawn Conjurer)       Turns: 3339, Time: 00:03:24

Health: 46/46      AC:  5    Str:  7    XL:     7   Next: 8%
Magic:  14/14      EV: 12    Int: 21    God:
Gold:   162        SH:  6    Dex: 15    Spells: 15/16 levels left

rFire   + . .      SeeInvis .   s - +6 spear "Demon's Regret" {vorpal, rF+ Dex+3}
rCold   . . .      Faith    .   (no shield)
rNeg    . . .      Spirit   .   a - +0 robe
rPois   .          Reflect  .   (no helmet)
rElec   .          Harm     .   (no cloak)
rCorr   .          Rampage  .   (no gloves)
Will    .....                   c - +2 pair of boots
Stlth   ++........              (no amulet)
HPRegen 0.15/turn               h - ring of flight
MPRegen 0.14/turn               (no ring)

@: flying
A: hooves 1, large bone plates 2, powered by pain 1
a: no special abilities


You were on level 4 of the Dungeon.
You visited 1 branch of the dungeon, and saw 4 of its levels.

You collected 162 gold pieces.

Inventory:

Hand Weapons
 f - a +0 spear
 s - the +6 spear "Demon's Regret" (weapon) {vorpal, rF+ Dex+3}
   (You found it on level 4 of the Dungeon)

   It inflicts extra damage upon your enemies.
   Dex:       It affects your dexterity (+3).
   rF:        It protects you from fire.
Armour
 a - a +0 robe (worn)
 c - a +2 pair of boots (worn)
Jewellery
 h - a ring of flight (left hand)
Scrolls
 d - a scroll of summoning {unknown}
 e - a scroll of magic mapping {unknown}
 g - 2 scrolls of blinking {unknown}
 k - a scroll of identify {unknown}
 l - 3 scrolls of teleportation {unknown}
 n - a scroll of noise {unknown}
 r - 2 scrolls of poison {unknown}
Potions
 b - a potion of magic
 m - 2 potions of lignification
 o - 2 potions of curing {unknown}
 q - a potion of might {unknown}


   Skills:
 - Level 1.7 Dodging
 - Level 1.7 Stealth
 + Level 5.2 Spellcasting
 + Level 6.7 Conjurations


You had 15 spell levels left.
You knew the following spells:

 Your Spells              Type           Power      Damage    Failure   Level
a - Magic Dart            Conj           100%       1d8       1%          1

Your spell library contained the following spells:

 Spells                   Type           Power      Damage    Failure   Level
 Searing Ray              Conj           66%        2d6       1%          2
 Foxfire                  Conj/Fire      76%        2x1d7     2%          1
 Conjure Flame            Conj/Fire      19%        6-21      9%          3
 Dazzling Flash           Conj/Hex       38%        N/A       9%          3
 Apportation              Tloc           10%        N/A       11%         1
 Necrotise                Necr           20%        1d5       11%         1
 Summon Small Mammal      Summ           20%        N/A       11%         1
 Flame Wave               Conj/Fire      19%        2d7       26%         4
 Fulminant Prism          Conj/Hex       9%         3d7       26%         4
 Iskenderun's Mystic Bla  Conj/Tloc      19%        2d6       26%         4
 Inner Flame              Hex/Fire       5%         N/A       32%         3


Dungeon Overview and Level Annotations

Branches:
Dungeon (4/15)
 Temple: D:4-7

Altars:
Makhleb


Innate Abilities, Weirdness & Mutations

You have large cloven feet.
You are mostly covered in large bone plates. (SH +6)
You sometimes gain a little power by taking damage.


Message History

Pikel hits you but does no damage.
You hit Pikel.
Pikel is severely wounded.
Pikel hits you but does no damage.
You hit Pikel.
Pikel is severely wounded.
Pikel hits you but does no damage.
You hit Pikel but do no damage.
Pikel is severely wounded.
Pikel hits you but does no damage.
You hit Pikel but do no damage.
Pikel is severely wounded.
Pikel hits you with a +2 whip of freezing.
Pikel freezes you.
You hit Pikel.
Pikel is almost dead.
Pikel hits you but does no damage.
You hit Pikel.
You kill Pikel!
With Pikel's spell broken, his former minions thank you for their freedom.
The lemure departs this earthly plane. x4
Your Spellcasting skill gained 2 levels and is now at level 5!
Your Conjurations skill increases to level 6!
You have reached level 5!
Your demonic ancestry asserts itself...
Large bone plates spread over more of your arms.
You have reached level 6!
Your demonic ancestry asserts itself...
You feel energised by your suffering.
You have reached level 7!
Your demonic ancestry asserts itself...
Your feet thicken and deform.
Your transformation is almost over.
You feel less wooden.
Your +2 pair of boots unmelds from your body.
Your +0 robe unmelds from your body.
You feel a little less clever now.
Things that are here:
a +2 whip of freezing; a +1 robe of willpower; the kobold corpse of Pikel Are you sure you want to abandon this character and quit the game? (Confirm with "yes".)

#...........### #.#
###.._........#######.#
##...####.#.........#
##### #.########### #.#
####.#### #.......#
#.#####.# # #@# #.# #.#
#.# ..# .## . #.


There were no monsters in sight!

Vanquished Creatures
  Pikel (D:4)
  2 gnolls
  3 adders
  An ufetubus (D:4)
  3 worms
  A dart slug (D:1)
  5 orcs (D:3)
  2 endoplasms (D:2)
  A giant cockroach (D:3)
  3 goblins
  7 hobgoblins
  A quokka (D:4)
  3 ball pythons
  5 bats
  2 frilled lizards
  5 kobolds
  4 rats
49 creatures vanquished.

Notes
Turn   | Place    | Note
-------+----------+-------------------------------------------
     0 | D:1      | vishdafish the Demonspawn Conjurer began the quest for the
                  | Orb.
     0 | D:1      | Reached XP level 1. HP: 13/13 MP: 3/3
   384 | D:1      | Gained mutation: You are partially covered in large bone
                  | plates. (SH +4) [demonic ancestry]
   384 | D:1      | Reached XP level 2. HP: 19/19 MP: 0/5
  1391 | D:2      | Reached XP level 3. HP: 24/24 MP: 2/7
  2318 | D:3      | Identified the +11 halberd "Oleler" {freeze, rF- rN+ Str+2}
  2397 | D:3      | Reached XP level 4. HP: 30/30 MP: 6/8
  2729 | D:3      | Reached skill level 5 in Conjurations
  2886 | D:4      | Identified the +6 spear "Demon's Regret" {vorpal, rF+
                  | Dex+3}
  3130 | D:4      | Found a burning altar of Makhleb.
  3152 | D:4      | Noticed a lemure
  3152 | D:4      | Noticed a lemure
  3218 | D:4      | Noticed Pikel
  3219 | D:4      | Noticed a lemure
  3220 | D:4      | Noticed a lemure
  3246 | D:4      | Killed Pikel
  3247 | D:4      | Reached skill level 5 in Spellcasting
  3247 | D:4      | Reached skill level 6 in Conjurations
  3247 | D:4      | Gained mutation: You are mostly covered in large bone
                  | plates. (SH +6) [demonic ancestry]
  3247 | D:4      | Reached XP level 5. HP: 35/35 MP: 9/12
  3247 | D:4      | Gained mutation: You sometimes gain a little power by
                  | taking damage. [demonic ancestry]
  3247 | D:4      | Reached XP level 6. HP: 41/41 MP: 9/13
  3247 | D:4      | Gained mutation: You have large cloven feet. [demonic
                  | ancestry]
  3247 | D:4      | Reached XP level 7. HP: 46/46 MP: 9/14
  3339 | D:4      | Quit the game

Illustrated notes

Levels and vault maps discovered:
D:1:      beargit_arrival_diablo_church, layout_rooms,
          hangedman_decor_peaks_small, chequers_serial_rivers_small_a,
          minmay_tromino_mix6
D:2:      minmay_alternating_diamond, layout_basic
D:3:      layout_basic, minitemple, kennysheep_minor_cross,
          minmay_misc_feat_doors, minmay_misc_feat_rows,
          chequers_serial_rivers_micro_c, bh_walls_and_bars
D:4:      layout_loops_ring, bloody_makhleb, minmay_temple_entry_hall,
          uniq_pikel

Skill      XL: |  1  2  3  4 |
---------------+-------------+-----
Spellcasting   | 3 5 |  5.2
Conjurations   | 6 |  6.7
Dodging        | |  1.7
Stealth        | |  1.7

Action                   |  1- 3 |  4- 6 |  7- 9 || total
-------------------------+-------+-------+-------++-------
Melee: Unarmed           |     6 |       |       ||     6
       Spear             |    54 |    27 |       ||    81
 Cast: Magic Dart        |    70 |    35 |       ||   105
  Use: Potion            |       |     4 |       ||     4
 Stab: Sleeping          |     3 |       |       ||     3
Armor: Robe              |    17 |     3 |       ||    20
       Skin              |       |    16 |       ||    16
Dodge: Dodged            |    33 |    10 |       ||    43
Block: Other             |    12 |     3 |       ||    15
